 Dungeon Crawl Stone Soup version 0.17.1-3-g152610e (webtiles) character file.

251835 Jerry the Tortoise (level 19, -1/163 HPs)
             Began as a Hill Orc Fighter on Mar 10, 2016.
             Was the Champion of Qazlal.
             Killed from afar by a deep elf high priest (26 damage)
             ... with a burst of hellfire
             ... on level 3 of the Elven Halls on Mar 11, 2016.
             The game lasted 08:49:35 (44413 turns).

Jerry the Tortoise (Hill Orc Fighter)              Turns: 44413, Time: 08:49:35

Health: -1/163     AC: 33    Str: 27    XL:     19   Next: 67%
Magic:  24/34      EV: 12    Int: 18    God:    Qazlal [******]
Gold:   2488       SH: 22    Dex: 16    Spells: 5 memorised, 2 levels left

rFire  + + .     SeeInvis .     L - +4 eveningstar (flame)
rCold  x . .     Clarity  +     R - +8 chain mail of the Snail {rPois rCorr Int+2}
rNeg   . . .     SustAt   +     c - +0 shield
rPois  +         Gourm    .     x - +2 helmet of Esezuvup {Str+5 Dex+3}
rElec  .         Spirit   .     V - +1 cloak
rCorr  +         Warding  .     k - +0 pair of gloves
rMut   .         Stasis   .     w - +1 pair of boots
MR     +....                    W - amulet of clarity
Stlth  ..........               z - ring of the Present {rF++ rC- MP+9 Int+6}
                                J - ring of sustain attributes

@: very slightly contaminated, repel missiles, drained, somewhat resistant to
hostile enchantments, extremely unstealthy
A: no striking features
a: Upheaval, Elemental Force, Disaster Area, Renounce Religion
}: 2/15 runes: barnacled, gossamer


You were on level 3 of the Elven Halls.
You worshipped Qazlal.
Qazlal was exalted by your worship.
You were hungry.

You visited 6 branches of the dungeon, and saw 36 of its levels.
You also visited: Labyrinth, Sewer, Ossuary, Bailey and Ice Cave.

You collected 3399 gold pieces.
You spent 911 gold pieces at shops.

Inventory:

Hand Weapons
 L - a +4 eveningstar of flaming (weapon)
Missiles
 n - 42 tomahawks of returning (quivered)
Armour
 c - a +0 shield (worn)
 k - a +0 pair of gloves (worn)
 w - a +1 pair of boots (worn)
 x - the +2 helmet of Esezuvup (worn) {Str+5 Dex+3}
   (You took it off Robin on level 3 of the Dungeon)

   It affects your strength (+5).
   It affects your dexterity (+3).
 R - the +8 chain mail of the Snail (worn) {rPois rCorr Int+2}
   (You bought it in a shop on level 10 of the Dungeon)

   It affects your intelligence (+2).
   It protects you from poison.
   It protects you from acid and corrosion.
 V - a +1 cloak (worn)
Jewellery
 d - an uncursed amulet of resist mutation
 o - an uncursed amulet of stasis
 y - an uncursed ring of wizardry
 z - the ring of the Present (right hand) {rF++ rC- MP+9 Int+6}
   (You found it in a labyrinth)

   [ring of magical power]

   It affects your intelligence (+6).
   It greatly protects you from fire.
   It makes you vulnerable to cold.
   It affects your magic capacity (+9).
 J - a ring of sustain attributes (left hand)
 W - an amulet of clarity (around neck)
Wands
 I - a wand of fireball (3)
 N - a wand of teleportation (2)
 S - a wand of disintegration (5)
Scrolls
 a - 2 scrolls of silence
 f - 18 scrolls of remove curse
 i - a scroll of teleportation
 s - 3 scrolls of fear
 u - 6 scrolls of magic mapping
 E - 5 scrolls of recharging
 M - 2 scrolls of blinking
 P - 8 scrolls of identify
 Q - 3 scrolls of fog
Potions
 g - 2 potions of cure mutation
 p - 2 potions of cancellation {unknown}
 q - 2 potions of heal wounds
 t - 9 potions of curing
 v - a potion of invisibility
 A - 4 potions of brilliance
 C - a potion of resistance
 D - 4 potions of berserk rage
 G - a potion of magic
 H - 6 potions of flight
 O - a potion of haste
Books
 l - a book of Transfigurations

   Spells                             Type                      Level
   a - Stoneskin                      Transmutation/Earth          2
   b - Irradiate                      Conjuration/Transmutation    5
   c - Statue Form                    Transmutation/Earth          6
   d - Hydra Form                     Transmutation                6
   e - Dragon Form                    Transmutation                7
 r - a book of Burglary

   Spells                             Type                      Level
   a - Swiftness                      Charms/Air                   2
   b - Passwall                       Transmutation/Earth          3
   c - Passage of Golubria            Translocation                4
   d - Lee's Rapid Deconstruction     Earth                        5
   e - Darkness                       Hexes                        6
   f - Invisibility                   Hexes                        6
Comestibles
 b - a chunk of flesh
 e - 27 bread rations
 h - 4 royal jellies
 m - 14 meat rations
 B - a fruit
 F - 12 slices of pizza
 K - 22 beef jerkies


   Skills:
 + Level 13.0(12.3) Fighting
 + Level 17.2(16.5) Maces & Flails
 + Level 17.7(17.0) Armour
 - Level 5.9(5.3) Dodging
 - Level 15.0(14.3) Shields
 - Level 8.0(7.3) Conjurations
 - Level 2.1(1.6) Hexes
 + Level 7.3(6.7) Charms
 - Level 6.0(5.4) Necromancy
 - Level 5.1(4.6) Translocations
 - Level 6.5(5.9) Air Magic
 - Level 0.8(0.3) Earth Magic
 - Level 6.7(6.2) Poison Magic
 - Level 8.5(7.9) Invocations


You had 2 spell levels left.
You knew the following spells:

 Your Spells              Type           Power        Failure   Level  Hunger
a - Mephitic Cloud        Conj/Pois/Air  ###.....     17%         3    ####...
b - Slow                  Hex            #.......     69%         2    ###....
c - Blink                 Tloc           N/A          21%         2    ###....
d - Iron Shot             Conj/Erth      ##........   100%        6    #######
e - Regeneration          Chrm/Necr      ###.......   21%         3    ####...


Dungeon Overview and Level Annotations

Branches:
Dungeon (13/15)            Temple (0/1) D:6            Lair (8/8) D:8
 Shoals (4/4) Lair:3       Spider (4/4) Lair:6        Slime (0/6) Lair:8
    Orc (4/4) D:12            Elf (3/3) Orc:4        Vaults (0/5) D:13

Altars:
Dithmenos
Elyvilon
Fedhas
Gozag
Makhleb
Nemelex Xobeh
Qazlal
Ru
Sif Muna
Trog
Vehumet
Yredelemnul
Zin
The Shining One
Beogh

Shops:
D:4 :   D:6 =   D:7 *   D:10 *   Orc:1 (   Orc:2 *[   Orc:4 [:!?   Elf:1 (
Elf:3 }   Shoals:1 !

Portals:
Pandemonium: Orc:4


Message History

The deep elf high priest whispers, "I'll spare you if you take my job."
The deep elf annihilator is engulfed in noxious fumes.
The deep elf high priest mumbles some strange prayers to its god.
The deep elf master archer shoots an arrow of frost.
You block the arrow of frost.
You see here 2 arrows of frost.
The sixfirhy is engulfed in noxious fumes.
The sixfirhy appears confused.
The deep elf sorcerer is engulfed in noxious fumes.
The deep elf sorcerer appears confused.
The deep elf sorcerer closely misses the deep elf master archer.
The deep elf sorcerer is engulfed in noxious fumes.
The sixfirhy disappears in a puff of smoke!
The deep elf sorcerer is engulfed in noxious fumes.
The deep elf annihilator is engulfed in roaring flames.
The deep elf annihilator is engulfed in noxious fumes.
The ynoxinul gestures.
The deep elf high priest mumbles some strange prayers to its god against you.
The hellfire explodes!
The burst of hellfire engulfs you!
You die...

...#..((....####.#.# #..
.......)e....##...#)######..
.#.##.353§§..##.###.#.......
#5..e4e..##.# #...).....
#..4.(e§###.# ###.......
.#...e§3####.# ######..
#.....4e#<...# #..
##.##..§####.# #..
#.##..§§@....## ### ##..
#.##.....§.....# ##.###...
.# #...........###.#.#....
................###.....
##.#.........##.#...#....
#.##.......####..#......
...........##...###.....
#.####...#.##.##.#.#....
#####.....§........


You could see a deep elf master archer, 2 deep elf annihilators, a ghostly deep
elf death mage, a sun demon, 2 deep elf high priests, 2 rust devils, a sixfirhy
(confused), a smoke demon, a ynoxinul and 2 ufetubi.

Vanquished Creatures
  Norris (Elf:2)
  Nikola (Shoals:2)
  A deep elf blademaster (Elf:2)
  Agnes (Spider:3)
  Kirke (Lair:6)
  Ilsuiw (Shoals:4)
  4 ghost moths
  2 deep elf sorcerers
  2 frost giants (Shoals:2)
  Aizul (Spider:4)
  3 emperor scorpions (Spider:4)
  An orc warlord (Elf:2)
  A deep elf demonologist (Elf:2)
  A stone giant (Shoals:2)
  2 deep elf annihilators (Elf:3)
  4 vault guards (D:13)
  2 merfolk javelineers (Shoals:3)
  6 merfolk impalers
  A fire dragon (Lair:8)
  A minotaur (Lab)
  8 hydras
  An ice dragon (Lair:8)
  4 merfolk avatars
  6 satyrs
  2 merfolk aquamancers
  A tengu warrior (D:13)
  13 dancing weapons (Elf:2)
  9 death yaks
  A sun demon (Orc:4)
  13 deep elf knights
  Sonja (D:10)
  4 orc high priests
  4 ice devils (IceCv)
  The ghost of urm the Transmogrifier, a novice NaTm of Cheibriados (D:6)
  An infernal demonspawn (Orc:4)
  12 sea snakes
  An unseen horror (D:12)
  14 orc knights
  A hill giant (D:12)
  A torturous demonspawn (Orc:4)
  A gelid demonspawn (Orc:4)
  A necromancer (Lair:7)
  13 deep elf summoners
  16 orb spiders
  26 wolf spiders
  12 deep elf conjurers
  4 griffons
  A moth of wrath (Spider:4)
  7 hornets
  6 manticores
  8 cyclopes
  2 sixfirhies (Orc:4)
  6 black mambas
  28 fauns
  4 water nymphs
  4 harpies
  12 sirens
  3 ugly things
  9 orc sorcerers
  6 elephants
  A hornet (shapeshifter) (Elf:2)
  Maurice (D:8)
  An octopode (shapeshifter) (Elf:2)
  An ice statue (IceCv)
  11 spiny frogs
  Psyche (D:8)
  5 fire drakes
  A torpor snail (Spider:4)
  An efreet (D:13)
  3 centaur skeletons
  9 komodo dragons
  3 anaconda simulacra (IceCv)
  A blue devil (Orc:4)
  12 deep elf priests
  8 freezing wraiths (IceCv)
  13 demonic crawlers
  A kobold demonologist (D:10)
  A golden dragon simulacrum (IceCv)
  27 jumping spiders
  6 trolls
  23 merfolk
  10 polar bears
  10 slime creatures
  3 raiju (Lair:8)
  11 blink frogs
  Grinder (D:3)
  Prince Ribbit (D:8)
  2 wind drakes
  3 two-headed ogres
  14 snapping turtles
  The ghost of Ponchio the Skirmisher, an amateur GrFi of Qazlal (D:4)
  16 trapdoor spiders
  3 boulder beetles
  The ghost of Name63 the Chiller, an amateur GrIE (Sewer)
  17 tarantellas
  4 wyverns
  27 redbacks
  2 steam dragons
  13 water elementals
  A wraith (D:12)
  4 dire elephant simulacra (IceCv)
  56 yaks
  4 hogs (Lair:6)
  Eustachio (D:6)
  23 deep elf magi
  12 wolves
  The ghost of urm the Ruffian, an amateur NaTm (D:3)
  16 deep elf fighters
  4 basilisks
  A hungry ghost (D:11)
  9 wargs
  7 hippogriffs
  3 iron troll simulacra (IceCv)
  A water moccasin (shapeshifter) (D:13)
  4 mottled dragons
  2 harpy simulacra (IceCv)
  2 hydra simulacra (IceCv)
  3 hell hounds (Lair:8)
  A swamp drake (Lair:8)
  2 ice beasts
  40 orc warriors
  7 porcupines
  An eye of draining (D:9)
  14 black bears
  13 spiders
  9 ogres
  2 phantoms (D:13)
  2 sky beasts
  17 water moccasins
  An eye of draining (shapeshifter) (D:13)
  2 wasps
  10 centaurs
  A crocodile (shapeshifter) (Elf:2)
  A komodo dragon zombie (Lair:7)
  4 big kobolds
  21 crocodiles
  25 giant frogs
  9 killer bees (D:10)
  4 scorpions
  9 wights
  8 electric eels
  14 hounds
  2 draconian simulacra (IceCv)
  2 giant frog zombies
  3 crimson imps
  2 giant frog skeletons
  2 jellies
  A centaur zombie (D:5)
  22 orc priests
  5 worker ants
  16 orc wizards
  14 iguanas
  2 killer bee zombies
  A statue (D:8)
  A spriggan simulacrum (IceCv)
  55 sheep
  6 troll simulacra (IceCv)
  2 centaur simulacra (IceCv)
  A hound skeleton (D:7)
  2 mummies (Ossuary)
  9 gnolls
  A worker ant zombie (D:9)
  Robin (D:3)
  2 naga simulacra (IceCv)
  65 river rats
  13 adders
  5 shadow imps
  21 white imps
  3 ogre simulacra (IceCv)
  3 ufetubi (IceCv)
  5 oozes
  An adder zombie (D:8)
  An adder skeleton (D:10)
  A worm (D:5)
  2 giant geckos
  149 orcs
  9 ball pythons
  16 bats
  A giant cockroach (D:8)
  21 goblins
  9 hobgoblins
  9 jackals
  8 quokkas
  A giant gecko zombie (D:8)
  6 giant newts
  2 goblin zombies (Ossuary)
  3 hobgoblin zombies (Ossuary)
  A jackal zombie (D:5)
  49 kobolds
  3 orc zombies (Ossuary)
  A quokka skeleton (D:5)
  30 rats
  2 bushes (Lair:5)
  A butterfly (Lair:4)
  5 crawling corpses
  72 fungi
  86 plants
1700 creatures vanquished.

Vanquished Creatures (collateral kills)
  An entropy weaver (Spider:3)
  An orc high priest (Orc:4)
  A death yak (Lair:8)
  A deep elf knight (Elf:2)
  An orc knight (Orc:4)
  A rust devil (Orc:4)
  A deep elf priest (Elf:2)
  A komodo dragon (Lair:8)
  A redback (Spider:3)
  A mottled dragon (Lair:8)
  An orc warrior (Orc:4)
  An orc priest (Orc:4)
  An iguana (Lair:8)
  3 river rats (Lair:4)
16 creatures vanquished.

Vanquished Creatures (others)
  A ghost moth (Spider:1)
  A merfolk aquamancer (Shoals:2)
  A centaur (Shoals:2)
  2 orc priests
  A basilisk zombie (Lair:7)
  A hound (Lair:8)
  A white imp (IceCv)
  4 ufetubi (IceCv)
  2 orcs (D:8)
  15 fungi
  32 plants
61 creatures vanquished.

Grand Total: 1777 creatures vanquished

Notes
Turn   | Place    | Note
--------------------------------------------------------------
     0 | D:1      | Jerry the Hill Orc Fighter began the quest for the Orb.
     0 | D:1      | Reached XP level 1. HP: 19/19 MP: 1/1
   166 | D:1      | Reached XP level 2. HP: 16/26 MP: 2/2
   436 | D:1      | Reached skill level 4 in Armour
   451 | D:1      | Reached XP level 3. HP: 25/31 MP: 3/3
  1078 | D:2      | Reached XP level 4. HP: 39/39 MP: 4/4
  1298 | D:3      | Noticed Grinder
  1306 | D:3      | Paralysed by Grinder for 2 turns
  1315 | D:3      | Killed Grinder
  1315 | D:3      | Reached skill level 5 in Armour
  1315 | D:3      | Reached skill level 5 in Shields
  1315 | D:3      | Reached XP level 5. HP: 33/45 MP: 5/5
  1315 | D:3      | Reached XP level 6. HP: 37/51 MP: 6/6
  1378 | D:3      | Found a blossoming altar of Fedhas.
  1384 | D:3      | Found a stormy altar of Qazlal.
  1393 | D:3      | Became a worshipper of Qazlal Stormbringer
  1492 | D:3      | Noticed urm's ghost (amateur NaTm)
  1509 | D:3      | Killed urm's ghost
  1667 | D:3      | Noticed Robin
  1678 | D:3      | Killed Robin
  1699 | D:3      | Got a faintly humming helmet
  1712 | D:3      | Identified the +2 helmet of Esezuvup {Str+5 Dex+3} (You took it off Robin on level 3 of the Dungeon)
  1779 | D:3      | Reached XP level 7. HP: 57/57 MP: 7/7
  1873 | D:3      | Found a white marble altar of Elyvilon.
  1983 | D:4      | Reached * piety under Qazlal
  2031 | D:4      | Reached skill level 5 in Maces & Flails
  2112 | D:4      | Noticed Ponchio's ghost (amateur GrFi)
  2123 | D:4      | Killed Ponchio's ghost
  2123 | D:4      | Reached skill level 6 in Armour
  2628 | D:4      | Found a burning altar of Makhleb.
  2662 | D:4      | Found Ecvugidgh's Book Shop.
  2798 | D:5      | Entered Level 5 of the Dungeon
  2818 | D:5      | Reached skill level 1 in Invocations
  2868 | D:5      | Reached XP level 8. HP: 64/64 MP: 8/8
  2988 | D:5      | Found a sand-covered staircase.
  2997 | Ossuary  | Entered an ossuary
  3467 | D:5      | Got a black opal-encrusted ring mail
  3703 | D:5      | Identified the cursed +0 ring mail of Negation {MR+} (You found it on level 5 of the Dungeon)
  3760 | D:6      | Found a staircase to the Ecumenical Temple.
  3778 | D:6      | Noticed urm's ghost (novice NaTm)
  3790 | D:6      | Killed urm's ghost
  3790 | D:6      | Reached skill level 7 in Armour
  3837 | D:6      | Reached XP level 9. HP: 63/70 MP: 9/12
  3851 | D:6      | Reached ** piety under Qazlal
  3854 | D:6      | Reached skill level 5 in Invocations
  4062 | D:6      | Noticed Eustachio
  4095 | D:6      | Killed Eustachio
  4217 | D:6      | Found a glowing drain.
  4239 | Sewer    | Entered a sewer
  4246 | Sewer    | Noticed Name63's ghost (amateur GrIE)
  4263 | Sewer    | Killed Name63's ghost
  4325 | Sewer    | Reached skill level 8 in Armour
  4415 | Sewer    | Reached *** piety under Qazlal
  4948 | D:6      | Found Ocutyune's Jewellery Boutique.
  5007 | D:6      | Found a shadowy altar of Dithmenos.
  5052 | D:6      | Found a sacrificial altar of Ru.
  5370 | D:7      | Found a sparkling altar of Nemelex Xobeh.
  5489 | D:7      | Found Zin's Purification Station.
  5489 | D:7      | Found a glowing silver altar of Zin.
  5921 | D:8      | Reached XP level 10. HP: 74/77 MP: 14/14
  5950 | D:8      | Found an opulent altar of Gozag.
  6061 | D:8      | Noticed Psyche
  6068 | D:8      | Paralysed by Psyche for 3 turns
  6074 | D:8      | Killed Psyche
  6074 | D:8      | Reached skill level 9 in Armour
  6374 | D:8      | Reached **** piety under Qazlal
  6416 | D:8      | Found a deep blue altar of Sif Muna.
  6452 | D:8      | Noticed Prince Ribbit
  6462 | D:8      | Killed Prince Ribbit
  6707 | D:8      | Noticed Maurice
  6747 | D:8      | Killed Maurice
  6968 | D:8      | Found a radiant altar of Vehumet.
  7031 | D:8      | Found a basalt altar of Yredelemnul.
  7035 | D:8      | Noticed a profane servitor
  7050 | D:8      | Found a glowing golden altar of the Shining One.
  7052 | D:8      | Noticed an angel
  7228 | D:8      | Found a staircase to the Lair.
  7451 | Lair:1   | Entered Level 1 of the Lair of Beasts
  7826 | Lair:1   | Reached skill level 10 in Armour
  7826 | Lair:1   | Reached skill level 10 in Shields
  8533 | Lair:2   | Reached XP level 11. HP: 82/82 MP: 15/15
  8535 | Lair:2   | Reached skill level 10 in Maces & Flails
  9652 | Lair:3   | Reached skill level 11 in Armour
  9937 | Lair:3   | Found a staircase to the Shoals.
  9975 | Lair:3   | Reached ***** piety under Qazlal
 10194 | Lair:3   | Noticed a six-headed hydra
 10535 | Lair:2   | HP: 4/83 [poisoned by a spiny frog]
 10541 | Lair:2   | HP: 4/83 [poisoned by a spiny frog]
 10932 | Lair:4   | Noticed a five-headed hydra
 11043 | Lair:3   | Killed a six-headed hydra
 11148 | Lair:3   | Reached skill level 5 in Fighting
 11580 | Lair:3   | Reached XP level 12. HP: 94/94 MP: 16/16
 11598 | Lair:4   | Killed a five-headed hydra
 11749 | Lair:4   | Reached skill level 12 in Armour
 13685 | Lair:6   | Reached XP level 13. HP: 79/105 MP: 19/19
 13702 | Lair:6   | Found a labyrinth entrance.
 13719 | Lab      | Entered a labyrinth
 15022 | Lab      | Noticed a minotaur
 15029 | Lab      | Killed a minotaur
 15034 | Lab      | Got a crude brass ring
 15066 | Lab      | Got an ivory falchion
 15108 | Lair:6   | Identified the ring of the Present {rF++ rC- MP+9 Int+6} (You found it in a labyrinth)
 15117 | Lair:6   | Identified a scroll of acquirement
 15151 | Lair:6   | Reached skill level 13 in Shields
 15268 | Lair:6   | Noticed Kirke
 15287 | Lair:6   | Killed Kirke
 15313 | Lair:6   | Noticed a seven-headed hydra
 15319 | Lair:6   | Killed a seven-headed hydra
 15327 | Lair:6   | Noticed a death yak
 15336 | Lair:6   | Noticed a death yak
 15337 | Lair:6   | Noticed a death yak
 15339 | Lair:6   | Killed a death yak
 15340 | Lair:6   | Noticed a death yak
 15348 | Lair:6   | Killed a death yak
 15349 | Lair:6   | Killed a death yak
 15353 | Lair:6   | Killed a death yak
 15463 | Lair:6   | Found a hole to the Spider Nest.
 15547 | Lair:6   | Reached ****** piety under Qazlal
 15680 | Lair:6   | Reached skill level 14 in Shields
 15685 | Lair:6   | Gained mutation: You are somewhat resistant to further mutation. [potion of mutation]
 15686 | Lair:6   | Gained mutation: Your mind is acute. (Int +2) [potion of mutation]
 15687 | Lair:6   | Gained mutation: You are partially covered in large bone plates (AC +2, SH +2). [potion of mutation]
 15871 | Shoals:1 | Entered Level 1 of the Shoals
 16243 | Shoals:1 | Found Ciniet's Distillery.
 16251 | Shoals:1 | Bought a potion of invisibility for 128 gold pieces
 16251 | Shoals:1 | Bought a potion of resistance for 160 gold pieces
 16513 | Shoals:1 | Reached XP level 14. HP: 100/113 MP: 20/20
 17043 | Shoals:2 | Reached skill level 15 in Shields
 17384 | Shoals:2 | Noticed Nikola
 17418 | Shoals:2 | Killed Nikola
 17532 | Shoals:2 | Noticed a stone giant
 17548 | Shoals:2 | Killed a stone giant
 17703 | Shoals:2 | Noticed a frost giant
 17703 | Shoals:2 | Noticed a titan
 17750 | Shoals:2 | Killed a frost giant
 17750 | Shoals:2 | Reached skill level 15 in Armour
 17986 | Shoals:2 | Noticed a frost giant
 18019 | Shoals:2 | Killed a frost giant
 18515 | Shoals:3 | Reached XP level 15. HP: 121/121 MP: 21/21
 18541 | Shoals:3 | Reached skill level 15 in Maces & Flails
 18603 | Shoals:3 | Reached skill level 1 in Dodging
 19335 | Shoals:4 | Entered Level 4 of the Shoals
 19335 | Shoals:4 | Noticed Ilsuiw
 19984 | Shoals:4 | Reached skill level 16 in Armour
 20799 | Shoals:4 | Killed Ilsuiw
 20923 | Shoals:4 | Reached skill level 10 in Fighting
 21432 | Shoals:4 | Got a barnacled rune of Zot
 21751 | Shoals:4 | Got a faintly glowing whip
 21773 | Shoals:2 | Reached XP level 16. HP: 133/135 MP: 22/22
 21921 | Lair:2   | Identified the +2 whip "Death Rattle" {drain, +Rage rPois rF+ Int+3} (You found it on level 4 of the Shoals)
 21934 | Lair:2   | Learned a level 3 spell: Mephitic Cloud
 21937 | Lair:2   | Learned a level 2 spell: Slow
 21953 | Lair:2   | Learned a level 2 spell: Blink
 22125 | Spider:1 | Entered Level 1 of the Spider Nest
 22138 | Spider:1 | Reached skill level 1 in Conjurations
 22152 | Spider:1 | Reached skill level 1 in Air Magic
 22156 | Spider:1 | Reached skill level 1 in Hexes
 22175 | Spider:1 | Reached skill level 1 in Translocations
 22194 | Spider:1 | Reached skill level 1 in Poison Magic
 22265 | Spider:1 | Found a frozen archway.
 22531 | IceCv    | Entered an ice cave
 23698 | IceCv    | Noticed an Ice Fiend
 25392 | Spider:3 | Reached skill level 5 in Conjurations
 25401 | Spider:3 | Noticed Agnes
 25410 | Spider:3 | Killed Agnes
 26464 | Spider:4 | Entered Level 4 of the Spider Nest
 26521 | Spider:4 | Reached skill level 5 in Air Magic
 26530 | Spider:4 | Reached skill level 5 in Poison Magic
 26558 | Spider:4 | Reached XP level 17. HP: 91/141 MP: 23/23
 26903 | Spider:4 | Noticed Aizul
 26916 | Spider:4 | Killed Aizul
 26922 | Spider:4 | Lost mutation: Your mind is acute. (Int +2) [mutagenic meat]
 26923 | Spider:4 | Gained mutation: You have sharp fingernails. [mutagenic meat]
 26926 | Spider:4 | Gained mutation: Armour fits poorly on your strangely shaped body. [potion of mutation]
 26927 | Spider:4 | Lost mutation: You are somewhat resistant to further mutation. [potion of cure mutation]
 26927 | Spider:4 | Lost mutation: You are partially covered in large bone plates (AC +2, SH +2). [potion of cure mutation]
 26927 | Spider:4 | Lost mutation: Armour fits poorly on your strangely shaped body. [potion of cure mutation]
 26927 | Spider:4 | Lost mutation: You have sharp fingernails. [potion of cure mutation]
 27790 | Spider:4 | Got a gossamer rune of Zot
 29313 | Lair:7   | You fall through a shaft!
 29313 | Lair:8   | Entered Level 8 of the Lair of Beasts
 29430 | Lair:8   | Reached skill level 5 in Translocations
 29573 | Lair:8   | Reached skill level 5 in Dodging
 29608 | Lair:8   | Identified Iluy's Papyrus of Fiery Conjuration
 29833 | Lair:8   | Found a staircase to the Slime Pits.
 29960 | Lair:8   | Got a faintly humming robe
 30251 | Lair:8   | Reached XP level 18. HP: 149/151 MP: 24/24
 30373 | Lair:8   | Got a heavily runed turquoise ring
 30959 | Lair:8   | Learned a level 6 spell: Iron Shot
 30969 | Lair:8   | Identified the +2 robe of Tenacity {rElec rC+ Dex-2} (You found it on level 8 of the Lair of Beasts)
 30980 | Lair:8   | Identified the ring "Imoawa Febb" {+/*Tele rPois rN+++ MP-9 Stlth-} (You found it on level 8 of the Lair of Beasts)
 31447 | Lair:6   | Learned a level 3 spell: Regeneration
 31951 | D:6      | Bought an uncursed amulet of resist corrosion for 240 gold pieces
 32568 | D:9      | Reached skill level 1 in Necromancy
 32877 | D:9      | Found a bloodstained altar of Trog.
 32964 | D:10     | Entered Level 10 of the Dungeon
 32969 | D:10     | Found Mearphemu's Assorted Antiques.
 32974 | D:10     | Noticed Sonja
 32995 | D:10     | Killed Sonja
 32995 | D:10     | Reached skill level 1 in Charms
 33334 | D:10     | Bought a heavily runed chain mail for 256 gold pieces
 33608 | D:10     | Identified the +8 chain mail of the Snail {rPois rCorr Int+2} (You bought it in a shop on level 10 of the Dungeon)
 33899 | D:11     | Found a flagged portal.
 33905 | Bailey   | Entered a bailey
 35916 | D:12     | Found a staircase to the Orcish Mines.
 36892 | D:13     | Reached skill level 5 in Necromancy
 36937 | D:13     | Found a gate to the Vaults.
 37650 | Lair:2   | Got an encrusted dire flail
 37651 | Lair:2   | Identified the +2 dire flail "Demonbane" {crush, *Contam MR+ Int+10 Stlth-} (You acquired it on level 2 of the Lair of Beasts)
 37869 | Orc:1    | Entered Level 1 of the Orcish Mines
 38031 | Orc:1    | Found Sisuy's Weapon Shoppe.
 38106 | Orc:2    | Found Noanaps's Assorted Antiques.
 38120 | Orc:2    | Reached skill level 5 in Charms
 38269 | Orc:2    | Found Vuev's Armour Boutique.
 38845 | Orc:4    | Entered Level 4 of the Orcish Mines
 39017 | Orc:4    | Found a staircase to the Elven Halls.
 39068 | Orc:4    | Found Emmihow's Distillery.
 39475 | Orc:4    | Found Eraluuv's Magic Scroll Shop.
 39520 | Orc:4    | Bought a scroll of enchant weapon for 127 gold pieces
 39581 | Orc:4    | Found a roughly hewn altar of Beogh.
 40076 | Orc:4    | Found Tatwohom's Antique Armour Shoppe.
 40076 | Orc:4    | Found a one-way gate leading to the halls of Pandemonium.
 40076 | Orc:4    | Found Qacimp's Book Emporium.
 40276 | Elf:1    | Entered Level 1 of the Elven Halls
 40486 | Elf:1    | Reached skill level 17 in Armour
 41094 | Elf:1    | Found Jaon's Antique Weapon Shoppe.
 41359 | Elf:2    | Reached XP level 19. HP: 147/160 MP: 25/25
 41425 | Elf:2    | Found a roughly hewn altar of Beogh.
 41929 | Elf:2    | Found a huge runed gate.
 41929 | Elf:2    | Found a huge runed gate.
 41929 | Elf:2    | Found a huge runed gate.
 41929 | Elf:2    | Found a huge runed gate.
 41929 | Elf:2    | Found a huge runed gate.
 42553 | Elf:2    | Noticed Norris
 42597 | Elf:2    | Paralysed by something for 7 turns
 42944 | Elf:2    | Paralysed by something for 5 turns
 43658 | Elf:2    | Paralysed by something for 6 turns
 43706 | Elf:2    | Killed Norris
 44011 | Elf:3    | Entered Level 3 of the Elven Halls
 44025 | Elf:3    | Found Seck's Gadget Boutique.
 44413 | Elf:3    | Killed from afar by a deep elf high priest

Action                   |  1- 3 |  4- 6 |  7- 9 | 10-12 | 13-15 | 16-18 | 19-21 || total
-------------------------+-------+-------+-------+-------+-------+-------+-------++-------
Melee: Flail             |   138 |    81 |   444 |   916 |    19 |       |       ||  1598
       Shillelagh        |       |       |       |       |   749 |  1390 |       ||  2139
       Eveningstar       |       |       |       |       |       |   573 |   448 ||  1021
       Morningstar       |       |       |       |       |       |   288 |       ||   288
Throw: Tomahawk          |       |       |       |       |     1 |     2 |       ||     3
 Cast: Regeneration      |       |       |       |       |       |     7 |     2 ||     9
       Mephitic Cloud    |       |       |       |       |       |     2 |     5 ||     7
Invok: Elemental Force   |       |       |       |     1 |       |    10 |     2 ||    13
       Upheaval          |       |       |       |       |     2 |     2 |       ||     4
 Abil: Evoke Flight      |       |       |       |       |     4 |       |       ||     4
       Stop Flying       |       |       |       |       |     1 |       |       ||     1
Evoke: Wand              |       |       |       |     4 |     7 |     4 |     2 ||    17
  Use: Scroll            |       |     3 |    13 |    12 |     3 |    32 |     4 ||    67
       Potion            |       |     2 |     2 |     5 |     5 |    17 |     8 ||    39
 Stab: Distracted        |       |       |       |     1 |       |       |       ||     1
       Confused          |       |       |       |       |       |     1 |       ||     1
  Eat: Chunk             |     1 |     2 |    13 |    27 |    23 |    50 |     8 ||   124
       Beef jerky        |       |       |     1 |     1 |       |       |       ||     2
       Fruit             |       |       |       |     2 |     1 |    25 |     3 ||    31
       Pizza             |       |       |       |       |     2 |     1 |       ||     3
